 Dungeon Crawl Stone Soup version 0.30.0-29-ga12c61a403 (webtiles) character file.

Game seed: 13798098812543662228

867 qw the Chopper (level 8, -1/49 HPs)
             Began as a Gargoyle Fighter on June 2, 2023.
             Was an Initiate of Okawaru.
             Slain by an orc warrior
             ... wielding a +0 halberd
              (6 damage)
             ... on level 6 of the Dungeon.
             The game lasted 00:02:09 (4387 turns).

qw the Chopper (Gargoyle Fighter)                   Turns: 4387, Time: 00:02:09

Health: -1/49      AC: 18    Str: 28    XL:     8   Next: 3%
Magic:  8/8        EV:  7    Int:  9    God:    Okawaru [......]
Gold:   166        SH:  4    Dex:  9    Spells: 7/7 levels left

rFire   . . .        Y - +2 war axe
rCold   . . .        c - +0 buckler
rNeg    + . .        a - +0 plate armour
rPois   inf          e - +0 helmet
rElec   +            (no cloak)
rCorr   .            (no gloves)
SInv    .            (no boots)
Will    +....        (no amulet) Stlth
                     i - +6 ring of strength
HPRegen 0.28/turn    j - ring of willpower
MPRegen 0.11/turn

%: no passive effects
@: no status effects
A: sickness immunity, AC +5, negative energy resistance 1, electricity
resistance, torment resistance 1, petrification resistance, fangs 1, subdued
magic 1
a: Renounce Religion


You were on level 6 of the Dungeon.
You worshipped Okawaru.
Okawaru was noncommittal.
You visited 2 branches of the dungeon, and saw 7 of its levels.

You collected 274 gold pieces.
You spent 108 gold pieces at shops.


Innate Abilities, Weirdness & Mutations

You are immune to sickness and miasma.
Your stone body is resilient. (AC +5)
You are immune to poison.
You resist negative energy. (rN+)
You are resistant to electric shocks. (rElec)
You are resistant to unholy torment.
You are immune to petrification.
You have very sharp teeth.
Your spells are a little easier to cast, but a little less powerful.


   Skills:
 - Level 5.1 Fighting
 - Level 7.0 Axes
 + Level 3.6 Armour
 - Level 1.7 Dodging
 - Level 3.2 Shields


You had 7 spell levels left.
You didn't know any spells.
Your spell library was empty.

Inventory:

Hand Weapons
 b - the +4 consecrated labrys {holy, Valiant Fragile Fly SInv}
   (You acquired it on level 4 of the Dungeon)

   Valiant:   It becomes more powerful as more dangerous foes come into view.
   SInv:      It lets you see invisible.
   Fly:       It grants you flight.
   Fragile:   It will be destroyed if unequipped.
 f - a +0 flail
 Y - a +2 war axe (weapon)
Armour
 a - a +0 plate armour (worn)
 c - a +0 buckler (worn)
 e - a +0 helmet (worn)
Jewellery
 i - a +6 ring of strength (left hand)
 j - a ring of willpower (right hand)
Scrolls
 m - 2 scrolls of identify
Potions
 d - 3 potions of might
 g - a potion of heal wounds {unknown}
 h - 2 potions of curing
 k - 3 potions of attraction
 l - 2 potions of mutation
 n - a potion of magic {unknown}
 o - 2 potions of flight {unknown}
 p - a potion of degeneration {unknown}

Dungeon Overview and Level Annotations

Branches:
Dungeon (6/15)             Temple (1/1) D:5

Altars:
Cheibriados
Dithmenos
Elyvilon
Fedhas
Gozag
Hepliaklqana
Kikubaaqudgha
Makhleb
Nemelex Xobeh
Okawaru
Qazlal
Ru
Sif Muna
Trog
Uskayaw
Vehumet
Wu Jian
Xom
The Shining One

Shops:
D:3 (   D:4 (


Message History

The orc warrior hits you from afar with a +0 halberd!
Items here: )) [[.
Enter note:
Enter note: You hear the slow hiss of an avalanche of sand very nearby.
The orc warrior hits you with a +0 halberd!
You hit the orc warrior but do no damage.
You slash the orc wizard! You hit the orc.
The orc wizard hits you but does no damage.
The orc warrior hits you with a +0 halberd!
The orc hits you but does no damage.
You hit the orc wizard.
The orc wizard is almost dead.
You hit the orc.
You kill the orc!
Okawaru accepts your kill.
You hit the orc warrior. The orc wizard casts a spell at you.
The puff of flame hits you. You block the orc warrior's attack.
You barely miss the orc wizard.
The orc wizard is almost dead.
You barely miss the orc warrior.
The orc warrior hits you with a +0 halberd.
You block the orc wizard's attack.
You barely miss the orc wizard.
The orc wizard is almost dead.
You closely miss the orc.
You hit the orc warrior but do no damage.
The orc closely misses you.
The orc wizard hits you but does no damage.
You slash the orc wizard!
You kill the orc wizard!
Okawaru accepts your kill.
You hit the orc warrior. You barely miss the orc.
A jelly comes into view.
The orc hits you but does no damage.
The orc wizard points at you and mumbles some strange words.
The puff of flame hits you but does no damage.
The orc warrior hits you with a +0 halberd.
You die...

.......# ####8..<..#
.........# .
........########..
#................
+..............#
#........)o....# #
###.......)@.o...#
##.#......####o######
#..#......# ..#
#........:# ...J
#....#
#..#......#+##.##
#....# ##.##.....#.#
#....# #..#.....#..
#....# #..#.....#..
+....# #..#.....#
#.)..#


You could see an orc warrior, a jelly (wandering), an orc wizard and an orc.

Vanquished Creatures
  An ice beast (D:5)
  A sky beast (D:5)
  An ogre (D:5)
  A scorpion (D:5)
  3 orc priests
  6 hounds
  An iguana (D:5)
  2 orc wizards
  12 adders
  3 gnolls (D:5)
  A white imp (D:5)
  2 worms (D:2)
  3 dart slugs
  8 orcs
  4 bats
  6 endoplasms
  2 giant cockroaches
  4 goblins
  5 hobgoblins
  A jackal (D:1)
  4 quokkas
  5 ball pythons
  3 frilled lizards
  4 kobolds
  5 rats
88 creatures vanquished.

Notes
Turn   | Place    | Note
-------+----------+-------------------------------------------
     0 | D:1      | qw the Gargoyle Fighter began the quest for the Orb.
     0 | D:1      | Reached XP level 1. HP: 14/14 MP: 1/1
     0 | D:1      | 0 ||| qw: Version: 0.2-a-102-gdf20003
     0 | D:1      | 0 ||| qw: Game counter: 894
     0 | D:1      | 0 ||| qw: Always use a shield: true
     0 | D:1      | 0 ||| qw: God list: Okawaru
     0 | D:1      | 0 ||| qw: Allow faded altars: false
     0 | D:1      | 0 ||| qw: Do Orc after D:15 true
     0 | D:1      | 0 ||| qw: Do second Lair branch before Depths: true
     0 | D:1      | 0 ||| qw: Lair rune preference: random
     0 | D:1      | 0 ||| qw: Plans: Normal, Zot:1-4, Slime:5, God:TSO, Crypt,
                  | Tomb, Pan, Hells, Abyss, Win
     0 | D:1      | 0 ||| PLANNING D:1-11
    52 | D:1      | 52 ||| Stepping ~*~*~tactically~*~*~ (hiding).
    66 | D:1      | Reached skill level 2 in Axes
   226 | D:1      | Reached XP level 2. HP: 19/19 MP: 2/2
   246 | D:1      | 246 ||| Stepping ~*~*~tactically~*~*~ (hiding).
   506 | D:1      | 506 ||| READING scroll labelled GAMUYSS CANEDY.
   507 | D:1      | 507 ||| READING scroll labelled QANWEBBIQOKHE.
   508 | D:1      | 508 ||| READING scroll labelled YQYR NICSUHOKH.
   509 | D:1      | 509 ||| READING scroll labelled YDIMAS NETHRIQITOEJ.
   510 | D:1      | 510 ||| READING scroll labelled VASAEH PAAM XUEWA.
   511 | D:1      | 511 ||| DRINKING 3 viscous cyan potions.
   512 | D:1      | 512 ||| DRINKING 2 pink potions.
   512 | D:1      | Gained mutation: Your spells are a little easier to cast,
                  | but a little less powerful. [potion of mutation]
   512 | D:1      | Gained mutation: You have very sharp teeth. [potion of
                  | mutation]
   563 | D:2      | Reached skill level 3 in Axes
   563 | D:2      | Reached XP level 3. HP: 22/23 MP: 3/3
   649 | D:2      | 649 ||| READING scroll of enchant weapon.
   649 | D:2      | 649 ||| ENCHANTING +1 war axe.
  1175 | D:2      | Reached XP level 4. HP: 28/28 MP: 4/4
  1189 | D:2      | Reached skill level 4 in Axes
  1449 | D:2      | 1449 ||| UPGRADING to +0 helmet.
  1454 | D:2      | 1454 ||| READING scroll labelled OTASOI HUOTY.
  1455 | D:2      | 1455 ||| READING scroll labelled GOEBUZETS.
  1556 | D:2      | 1556 ||| READING scroll labelled SECSOOTOTI.
  1602 | D:3      | Reached XP level 5. HP: 32/32 MP: 5/5
  1623 | D:3      | 1623 ||| DROPPING +0 whip.
  1699 | D:3      | 1699 ||| Stepping ~*~*~tactically~*~*~ (stealth).
  1806 | D:3      | Found a white marble altar of Elyvilon.
  1905 | D:3      | Found Opho's Antique Weapon Emporium.
  1909 | D:3      | Reached skill level 5 in Axes
  1920 | D:3      | Reached XP level 6. HP: 27/38 MP: 6/6
  1966 | D:3      | 1966 ||| SHOPLISTING broad axe (104 gold, have 96).
  1966 | D:3      | 1966 ||| SHOPLISTING pitted flail (221 gold, have 96).
  2288 | D:3      | Found a burning altar of Makhleb.
  2330 | D:3      | 2330 ||| Stepping ~*~*~tactically~*~*~ (hiding).
  2479 | D:3      | 2479 ||| UPGRADING to +0 plate armour.
  2489 | D:3      | 2489 ||| DROPPING +0 scale mail.
  2490 | D:3      | 2490 ||| READING scroll labelled UROVOSK VODU.
  2491 | D:3      | 2491 ||| READING scroll labelled BAOPYB XIUSM.
  2492 | D:3      | 2492 ||| DRINKING 2 ruby potions.
  2493 | D:3      | 2493 ||| READING 3 scrolls of identify.
  2493 | D:3      | 2493 ||| IDENTIFYING metallic sapphire potion
  2494 | D:3      | 2494 ||| READING 2 scrolls of identify.
  2494 | D:3      | 2494 ||| IDENTIFYING bubbling ruby potion
  2495 | D:3      | 2495 ||| DROPPING potion of invisibility.
  2496 | D:3      | 2496 ||| DROPPING potion of ambrosia.
  2886 | D:4      | Found Otem's Antique Weapon Shop.
  2929 | D:4      | 2929 ||| BUYING glowing mace (108 gold).
  2929 | D:4      | Bought a glowing mace for 108 gold pieces
  2929 | D:4      | 2929 ||| SHOPLISTING glowing war axe (117 gold, have 69).
  2929 | D:4      | 2929 ||| DROPPING +1 whip of holy wrath.
  2985 | D:4      | 2985 ||| UPGRADING to +6 ring of strength.
  2986 | D:4      | 2986 ||| UPGRADING to ring of willpower.
  2987 | D:4      | 2987 ||| READING scroll labelled EPRIOF SOGUFO.
  2988 | D:4      | 2988 ||| READING scroll labelled GAAFEO ICRU.
  2988 | D:4      | Identified a scroll of acquirement
  2988 | D:4      | 2988 ||| ACQUIRING +4 consecrated labrys {holy, Valiant
                  | Fragile Fly SInv}
  2988 | D:4      | Acquired the +4 consecrated labrys {holy, Valiant Fragile
                  | Fly SInv}
  2988 | D:4      | Found the +4 consecrated labrys {holy, Valiant Fragile Fly
                  | SInv}
  3001 | D:5      | Entered Level 5 of the Dungeon
  3002 | D:5      | Found a staircase to the Ecumenical Temple.
  3003 | D:5      | 3003 ||| PLANNING TEMPLE
  3021 | D:5      | Reached skill level 6 in Axes
  3070 | Temple   | Entered the Ecumenical Temple
  3071 | Temple   | 3071 ||| PLANNING OKAWARU WORSHIP
  3567 | Temple   | Became a worshipper of Warmaster Okawaru
  3567 | Temple   | 3567 ||| PLANNING D:1-11
  3588 | D:5      | Reached skill level 1 in Dodging
  3588 | D:5      | Reached XP level 7. HP: 43/43 MP: 7/7
  3632 | D:5      | 3632 ||| DROPPING +2 heavy mace.
  3684 | D:5      | 3684 ||| DROPPING +0 mace of holy wrath.
  3763 | D:5      | 3763 ||| Stepping ~*~*~tactically~*~*~ (stealth).
  3779 | D:5      | Reached skill level 7 in Axes
  4264 | D:5      | 4264 ||| DRINKING 2 cyan potions.
  4265 | D:5      | 4265 ||| DROPPING potion of brilliance.
  4285 | D:6      | 4285 ||| PLANNING OSSUARY
  4292 | D:6      | Found a sparkling altar of Nemelex Xobeh.
  4334 | D:6      | Reached XP level 8. HP: 49/49 MP: 8/8
  4384 | D:6      | HP: 10/49 [orc wizard/puff of flame (3)]
  4387 | D:6      | Slain by an orc warrior

Levels and vault maps discovered:
D:1:      dpeg_arrival_arbitrary_c, layout_rooms, minmay_ruptured
D:2:      minmay_chambers_of_twos, layout_basic, chequers_serial_rivers_small_a
D:3:      layout_basic, elyvilon_altar_3, marbit_many_paths, serial_shops, shop
D:4:      layout_rooms, serial_shops, nicolae_shop_scrapyard,
          minmay_misc_feat_five
D:5:      layout_loops_ring, minmay_temple_entry_slanted, glass_columns_a
D:6:      layout_gridville, nemelex_xobeh_ov_fountains_minmay,
          lightli_ossuary_entry_decrepit_ruins, corexii_leaking_fountain,
          feat_on_display
Temple:   compressed_dpeg_triangle_lava_temple

Skill      XL: |  1  2  3  4  5  6  7 |
---------------+----------------------+-----
Axes           | 2 3 4 5 6 7 |  7.0
Fighting       | 4 5 |  5.1
Dodging        | 1 |  1.7
Armour         | |  3.6
Shields        | |  3.2

Action                     |  1- 3 |  4- 6 |  7- 9 || total
---------------------------+-------+-------+-------++-------
  Melee: War axe           |    88 |   127 |    68 ||   283
         Bite              |     1 |     5 |     6 ||    12
    Use: Scroll            |     6 |     9 |       ||    15
         Potion            |     2 |     1 |     1 ||     4
 Armour: Scale mail        |    29 |    46 |       ||    75
         Plate armour      |       |    51 |    51 ||   102
  Dodge: Dodged            |    29 |    72 |    27 ||   128
  Block: Buckler           |    12 |    34 |    14 ||    60

Table legend:
 A = Non-vault XP
 B = Vault XP
 C = Vault XP percentage of total XP
 D = Non-vault monster count
 E = Vault monster count
 F = Vault count percentage of total count
                 A         B        C        D         E       F
            +---------+---------+-------+---------+---------+-------
      Total |    1171 |     104 |   8.2 |      74 |      14 |  15.9
            +---------+---------+-------+---------+---------+-------
        D:1 |      14 |      12 |  46.2 |       7 |       5 |  41.7
        D:2 |      41 |      89 |  68.5 |      16 |       8 |  33.3
        D:3 |     206 |       3 |   1.4 |      22 |       1 |   4.3
        D:4 |      93 |       0 |   0.0 |      10 |       0 |   0.0
        D:5 |     729 |       0 |   0.0 |      14 |       0 |   0.0
        D:6 |      88 |       0 |   0.0 |       5 |       0 |   0.0
            +---------+---------+-------+---------+---------+-------
